 Dungeon Crawl Stone Soup version 0.29.1-2-gbd0b4ee654 (webtiles) character file.

Game seed: 11317217832386862234

3467 sizableburger the Basher (level 10, -6/63 HPs)
             Began as an Octopode Warper on Nov 17, 2022.
             Was a Believer of Wu Jian.
             Mangled by an eight-headed hydra (9 damage)
             ... on level 7 of the Dungeon.
             The game lasted 00:17:10 (6272 turns).

sizableburger the Basher (Octopode Warper)          Turns: 6272, Time: 00:17:11

Health: -6/63      AC:  2    Str: 10    XL:     10   Next: 6%
Magic:  13/13      EV: 17    Int: 15    God:    Wu Jian [**....]
Gold:   300        SH:  0    Dex: 23    Spells: 2/13 levels left

rFire   . . .      SeeInvis .   z - +3 dire flail (vorpal)
rCold   . . .      Faith    .   (shield currently unavailable)
rNeg    . . .      Spirit   .   x - +1 hat
rPois   .          Reflect  .   f - amulet of regeneration
rElec   .          Harm     .   g - +6 ring of dexterity
rCorr   .          Rampage  .   t - ring of flight
Will    .....                   (no ring)
Stlth   +++.......              (no ring)
HPRegen 1.00/turn               (no ring)
MPRegen 0.13/turn               (no ring)
                                (no ring)
                                (no ring)

@: flying
A: almost no armour, amphibious, 8 rings, camouflage 1, gelatinous body 1,
(nimble swimmer 1), tentacles
a: Renounce Religion, Wall Jump


You were on level 7 of the Dungeon.
You worshipped Wu Jian.
Wu Jian was pleased with you.
You visited 2 branches of the dungeon, and saw 8 of its levels.

You collected 300 gold pieces.

Inventory:

Hand Weapons
 z - a +3 vorpal dire flail (weapon)
Missiles
 c - 4 boomerangs of dispersal
 l - a throwing net
 p - 12 atropa-tipped darts (quivered)
 w - 4 boomerangs
 A - 5 javelins
Armour
 x - a +1 hat (worn)
Jewellery
 f - an amulet of regeneration (around mantle)
 g - a +6 ring of dexterity (left tentacle)
 t - a ring of flight (right tentacle)
 u - an amulet of guardian spirit
Wands
 a - a wand of acid (7)
 e - a wand of flame (34)
Scrolls
 b - 2 scrolls of identify
 j - 2 scrolls of blinking
Potions
 h - 5 potions of curing
 k - a potion of brilliance
 m - 3 potions of mutation
 n - a potion of lignification {unknown}
 o - 2 potions of attraction {unknown}
 q - a potion of magic {unknown}
 r - 2 potions of resistance {unknown}
 v - a potion of berserk rage {unknown}


   Skills:
 - Level 4.1 Fighting
 - Level 2.0(6.1) Axes
 + Level 9.3(9.4) Maces & Flails
 - Level 4.0 Throwing
 - Level 5.8 Dodging
 - Level 2.0 Spellcasting
 - Level 5.4 Translocations
 + Level 6.3 Poison Magic


You had 2 spell levels left.
You knew the following spells:

 Your Spells              Type           Power      Damage    Failure   Level
a - Blink                 Tloc           34%        N/A       3%          2
b - Lesser Beckoning      Tloc           17%        N/A       7%          3
c - Poisonous Vapours     Pois/Air       22%        N/A       9%          2
d - Olgreb's Toxic Radia  Pois           20%        N/A       16%         4

Your spell library contained the following spells:

 Spells                   Type           Power      Damage    Failure   Level
 Sting                    Tmut/Pois      44%        1d5       6%          1
 Gell's Gravitas          Tloc           17%        N/A       7%          3
 Teleport Other           Tloc           17%        N/A       7%          3
 Stone Arrow              Conj/Erth      2%         3d7       54%         3
 Manifold Assault         Tloc           17%        N/A       54%         5
 Airstrike                Air            0%         2d(1-17)  91%         4
 Summon Lightning Spire   Summ/Air       1%         N/A       91%         4
 Lightning Bolt           Conj/Air       0%         1d11      99%         5
 Lehudib's Crystal Spear  Conj/Erth      0%         10d2      100%        8
 Animate Armour           Summ/Erth      Unusable   N/A       N/A         4

Dungeon Overview and Level Annotations

Branches:
Dungeon (7/15)             Temple (1/1) D:7

Altars:
Cheibriados
Dithmenos
Fedhas
Gozag
Hepliaklqana
Kikubaaqudgha
Makhleb
Nemelex Xobeh
Okawaru
Qazlal
Ru
Sif Muna
Trog
Uskayaw
Vehumet
Wu Jian
Xom
Yredelemnul
Zin
The Shining One

Shops:
D:6 !*?=(

Annotations:
D:3 Ijyb
Temple 2 transporters


Innate Abilities, Weirdness & Mutations

You cannot wear most types of armour.
You are amphibious.
You can wear up to eight rings at the same time.
Your skin changes colour to match your surroundings (Stealth+).
Your rubbery body absorbs attacks. (AC +1, EV +1)
((You are camouflaged when in or above water. (Stealth+)))
You have tentacles for arms and can constrict up to eight enemies at once.


Message History

The bolt of acid hits the eight-headed hydra!
The eight-headed hydra is lightly wounded.
Unknown command.
Okay, then.
Okay, then.
Aiming: Corrosive Bolt
Press: ? - help, Shift-Dir - straight line, f/p - eight-headed hydra
Aim: an eight-headed hydra (lightly wounded, 90% to hit)
The bolt of acid hits the eight-headed hydra!
The acid corrodes the eight-headed hydra!
The eight-headed hydra is moderately wounded.
Unknown command.
Aiming: Throw Flame
Press: ? - help, Shift-Dir - straight line, f/p - eight-headed hydra
Aim: an eight-headed hydra (moderately wounded, covered in acid, 89% to hit)
The puff of flame hits the eight-headed hydra!
The eight-headed hydra is heavily wounded.
Unknown command.
Okay, then.
Okay, then.
You puncture the eight-headed hydra!
The eight-headed hydra is severely wounded.
The eight-headed hydra closely misses you.
The eight-headed hydra bites you.
The eight-headed hydra completely misses you. x2
The eight-headed hydra bites you.
The eight-headed hydra barely misses you.
The eight-headed hydra bites you. x2
You hit the eight-headed hydra. You squeeze the eight-headed hydra.
The eight-headed hydra is almost dead.
The eight-headed hydra closely misses you.
The eight-headed hydra bites you but does no damage.
The eight-headed hydra bites you! x2
The eight-headed hydra barely misses you.
The eight-headed hydra bites you!
* * * LOW HITPOINT WARNING * * *
The eight-headed hydra bites you!
* * * LOW HITPOINT WARNING * * *
The eight-headed hydra bites you!
You die...

###..###########.#
.................#
#.............##.#
#.............'..#
#.............##.#
#.#...............##
#.#................# ###
#.# #.##)....)....#♣♣.♣♣
#.####...@D........#♣.♣.♣♣
#.........#######....♣♣♣..
#........##### ##.#♣.♣.♣♣
#.......##.#)### #.#♣♣.♣♣
#.......##.._..# #.# #####
#[#....###....## ### #...#
#)#....####...########...#
#.####....................
#.#########......#########


You could see an eight-headed hydra (corroded).

Vanquished Creatures
  Prince Ribbit (D:6)
  Eustachio (D:6)
  Menkaure (D:7)
  3 water moccasins
  Edmund (D:5)
  Duvessa (D:6)
  4 orc warriors
  2 sky beasts (D:7)
  2 ice beasts (D:6)
  2 black bears (D:6)
  An ogre (D:4)
  2 phantoms
  2 kobold brigands (D:6)
  2 scorpions (D:7)
  A necrophage (D:7)
  Dowan (D:6)
  2 howler monkeys
  3 hounds
  4 orc priests
  7 iguanas
  Terence (D:3)
  Natasha (D:4)
  5 orc wizards
  6 adders
  8 gnolls
  3 shadow imps
  A white imp (D:7)
  An ufetubus (D:5)
  2 worms (D:2)
  4 dart slugs
  27 orcs
  7 endoplasms
  3 giant cockroaches
  3 hobgoblins
  5 jackals
  14 kobolds
  2 quokkas (D:2)
  9 ball pythons
  7 bats
  4 frilled lizards (D:2)
  11 goblins
  8 rats
175 creatures vanquished.

Vanquished Creatures (others)
  A fungus (D:3)
  A plant (D:6)
2 creatures vanquished.

Grand Total: 177 creatures vanquished

Notes
Turn   | Place    | Note
-------+----------+-------------------------------------------
     0 | D:1      | sizableburger the Octopode Warper began the quest for the
                  | Orb.
     0 | D:1      | Reached XP level 1. HP: 14/14 MP: 3/3
   210 | D:1      | Reached skill level 1 in Maces & Flails
   210 | D:1      | Reached XP level 2. HP: 20/20 MP: 5/5
   647 | D:1      | Learned a level 2 spell: Blink
   689 | D:2      | Reached XP level 3. HP: 25/25 MP: 6/6
  1127 | D:2      | Found a faded altar of an unknown god.
  1148 | D:2      | Reached skill level 2 in Maces & Flails
  1148 | D:2      | Reached XP level 4. HP: 31/31 MP: 7/7
  1477 | D:3      | Found a basalt altar of Yredelemnul.
  1513 | D:3      | Learned a level 3 spell: Lesser Beckoning
  1584 | D:3      | Noticed Terence
  1704 | D:3      | Killed Terence
  1705 | D:3      | Reached XP level 5. HP: 36/36 MP: 8/8
  1962 | D:3      | Noticed Ijyb
  2239 | D:3      | Reached skill level 3 in Maces & Flails
  2566 | D:4      | Reached XP level 6. HP: 33/43 MP: 9/9
  2872 | D:4      | Found a glowing golden altar of the Shining One.
  2909 | D:4      | Noticed Natasha
  2914 | D:4      | Killed Natasha
  3203 | D:4      | Reached skill level 4 in Maces & Flails
  3203 | D:4      | Reached XP level 7. HP: 48/48 MP: 10/10
  3330 | D:5      | Entered Level 5 of the Dungeon
  3402 | D:5      | Noticed Edmund
  3411 | D:5      | Killed Edmund
  3432 | D:5      | Reached skill level 5 in Maces & Flails
  3432 | D:5      | You are sucked into a shaft and drop 2 floors!
  3438 | D:7      | Noticed a deep elf pyromancer
  3438 | D:7      | Noticed a hornet
  3450 | D:7      | Found a staircase to the Ecumenical Temple.
  3459 | Temple   | Entered the Ecumenical Temple
  3459 | Temple   | Found a transporter.
  3459 | Temple   | Found a transporter.
  3461 | Temple   | Found a transporter.
  3461 | Temple   | Found a transporter.
  3493 | Temple   | Became a worshipper of the Wu Jian Council
  3600 | D:6      | Found Qoextavoho's Magic Scroll Shop.
  3667 | D:6      | Reached XP level 8. HP: 48/54 MP: 11/11
  3802 | D:6      | Found Kacw's Distillery.
  3921 | D:6      | Reached skill level 6 in Maces & Flails
  4087 | D:6      | Found Urhoah's Jewellery Shop.
  4097 | D:6      | Noticed Eustachio
  4105 | D:6      | Killed Eustachio
  4123 | D:6      | Found Wabon's General Store.
  4135 | D:6      | Noticed Prince Ribbit
  4151 | D:6      | Killed Prince Ribbit
  4152 | D:6      | Reached skill level 7 in Maces & Flails
  4152 | D:6      | Reached skill level 5 in Translocations
  4160 | D:6      | Identified the +1 robe of Beloved Salvation {rC++}
  4281 | D:6      | Reached XP level 9. HP: 55/58 MP: 12/12
  4284 | D:6      | Learned a level 2 spell: Poisonous Vapours
  4315 | D:6      | Found Halaipp's Antique Weapon Shoppe.
  4409 | D:6      | Reached skill level 1 in Poison Magic
  4431 | D:6      | Noticed Duvessa
  4434 | D:6      | Noticed Dowan
  4441 | D:6      | Killed Duvessa
  4441 | D:6      | Reached * piety under Wu Jian
  4506 | D:6      | Killed Dowan
  4786 | D:5      | Reached skill level 8 in Maces & Flails
  5479 | D:7      | Found a burning altar of Makhleb.
  5489 | D:7      | Reached skill level 5 in Dodging
  5540 | D:7      | Found an iron altar of Okawaru.
  5540 | D:7      | Found a hide-covered altar of Uskayaw.
  5540 | D:7      | Found an opulent altar of Gozag.
  5540 | D:7      | Found a radiant altar of Vehumet.
  5540 | D:7      | Found a bloodstained altar of Trog.
  5540 | D:7      | Found a glowing silver altar of Zin.
  5839 | D:7      | Noticed Menkaure
  5856 | D:7      | Killed Menkaure
  5941 | D:7      | Reached skill level 5 in Poison Magic
  6011 | D:7      | Learned a level 4 spell: Olgreb's Toxic Radiance
  6029 | D:7      | Reached ** piety under Wu Jian
  6057 | D:7      | Reached skill level 9 in Maces & Flails
  6089 | D:7      | Reached XP level 10. HP: 48/63 MP: 13/13
  6193 | D:7      | Noticed a two-headed ogre
  6200 | D:7      | Noticed an eight-headed hydra
  6272 | D:7      | HP: 3/63 [eight-headed hydra (12)]
  6272 | D:7      | Mangled by an eight-headed hydra

Illustrated notes

Levels and vault maps discovered:
D:1:      saegor_arrival_simple_d, layout_rooms, minmay_misc_feat_nine_boxes
D:2:      layout_basic, hellmonk_ecumenical_altar_blasted, amethyst_killhole,
          grunt_ministairs_14, kennysheep_generic_room_8
D:3:      layout_rooms, mainiacjoe_overflow_paths, uniq_crazy_yiuf_cottage,
          uniq_terence, uniq_ijyb
D:4:      layout_loops_corners, tso_altar, uniq_natasha
D:5:      cheibrodos_quashed, layout_loops_ring, uniq_edmund
D:6:      layout_basic, serial_shops, nicolae_shop_advertising_works
          [nicolae_subvault_shop_adworks], nicolae_shop_overgrown_old_shop,
          shop_fountains, shop, nicolae_shop_behind_doors, uniq_duvessa,
          uniq_eustachio, uniq_prince_ribbit1
D:7:      nzn_winding_woodlands_large [nzn_winding_woodlands_5x5_default,
          nzn_winding_woodlands_5x15_sidewinder,
          nzn_winding_woodlands_5x5_three,
          nzn_winding_woodlands_center_triple_pond,
          nzn_winding_woodlands_15x15_boxy_spiral,
          nzn_winding_woodlands_center_lodge,
          nzn_winding_woodlands_5x5_closed_star,
          nzn_winding_woodlands_5x15_pockets,
          nzn_winding_woodlands_5x5_checkerboard], layout_basic,
          makhleb_heckhound_becter, grunt_temple_overflow_open, temple_statues,
          kennysheep_big_empty_room, uniq_menkaure
Temple:   hellmonk_temple_divided_pantheon

Skill      XL: |  1  2  3  4  5  6  7  8  9 10 |
---------------+-------------------------------+-----
Maces & Flails | 1 2 3 4 5 7 9 |  9.3
Fighting       | 3 4 |  4.1
Dodging        | 3 4 5 |  5.8
Throwing       | 3 4 |  4.0
Translocations | 5 |  5.4
Poison Magic   | 5 6 |  6.3
Axes           | |  2.0
Spellcasting   | |  2.0

Action                   |  1- 3 |  4- 6 |  7- 9 | 10-12 || total
-------------------------+-------+-------+-------+-------++-------
Melee: Whip              |    62 |   123 |    14 |       ||   199
       Tentacles         |     7 |    36 |    50 |     2 ||    95
       Constrict         |    14 |    35 |    55 |     2 ||   106
       Hand axe          |     1 |       |       |       ||     1
       Punch             |       |     1 |     6 |       ||     7
       Dire flail        |       |       |   221 |     9 ||   230
Throw: Boomerang         |       |     3 |     2 |       ||     5
       Dart              |       |     1 |     7 |       ||     8
 Cast: Lesser Beckoning  |       |     2 |       |       ||     2
       Blink             |       |     1 |     1 |       ||     2
       Poisonous Vapours |       |       |     1 |       ||     1
Invok: Lunge             |       |       |    19 |       ||    19
Evoke: Wand              |       |       |       |     4 ||     4
  Use: Scroll            |       |     7 |     8 |       ||    15
 Stab: Sleeping          |    12 |     6 |     4 |     1 ||    23
       Invisible         |       |       |     1 |       ||     1
       Distracted        |       |       |     2 |       ||     2
Armor: Skin              |     8 |     5 |    13 |     1 ||    27
Dodge: Dodged            |    28 |   112 |   168 |    10 ||   318
